 Dungeon Crawl Stone Soup version 0.29.1-15-g9cfb28693d (webtiles) character file.

Game seed: 16083717458893256640

4 domi the Digger (level 2, 20/20 HPs)
             Began as a Meteoran Earth Elementalist on Apr 3, 2023.
             Was a Follower of Elyvilon.
             Got out of the dungeon alive.
             The game lasted 00:00:46 (61 turns).

domi the Digger (Meteoran Earth Elementalist)         Turns: 61, Time: 00:00:47

Health: 20/20      AC:  3    Str:  9    XL:     2   Next: 0%
Magic:  3/6        EV: 12    Int: 16    God:    Elyvilon [*.....]
Gold:   0          SH:  0    Dex: 14    Spells: 5/6 levels left

rFire   . . .      SeeInvis .   (no weapon)
rCold   . . .      Faith    .   (no shield)
rNeg    . . .      Spirit   .   a - +0 robe
rPois   .          Reflect  .   (no helmet)
rElec   .          Harm     .   (no cloak)
rCorr   .          Rampage  .   d - +0 pair of gloves
Will    .....                   (no boots)
Stlth   +.........              (no amulet)
HPRegen 0.06/turn               (no ring)
MPRegen 0.10/turn               (no ring)

@: glowing
A: sense surroundings 1, otherworldly, glowing, explore regen
a: Renounce Religion, Purification


You escaped.
You worshipped Elyvilon.
Elyvilon was aware of your devotion.
You visited 1 branch of the dungeon, and saw 1 of its levels.

Inventory:

Armour
 a - a +0 robe (worn)
 d - a +0 pair of gloves (worn)
   (You found it on level 1 of the Dungeon)
Scrolls
 c - a scroll of blinking {unknown}
Potions
 b - a potion of magic


   Skills:
 - Level 2.4 Dodging
 - Level 1.4 Stealth
 - Level 2.6 Spellcasting
 - Level 1.2 Transmutations
 + Level 4.1 Earth Magic


You had 5 spell levels left.
You knew the following spells:

 Your Spells              Type           Power      Damage    Failure   Level
z - Sandblast             Erth           30%        2d9       3%          1

Your spell library contained the following spells:

 Spells                   Type           Power      Damage    Failure   Level
 Passwall                 Tmut/Erth      8%         N/A       10%         2
 Stone Arrow              Conj/Erth      16%        3d8       26%         3
 Petrify                  Tmut/Erth      10%        N/A       54%         4


Dungeon Overview and Level Annotations

Branches:
Dungeon (1/15) Zot: 536

Altars:
Elyvilon


Innate Abilities, Weirdness & Mutations

You passively map a small area around you.
You are easily found by Zot.
You glow in the dark.
You regain HP and MP as you explore.


Message History

Welcome, domi the Meteoran Earth Elementalist.
Everyone else who sought the Orb of Zot has failed.
Will you be different?
Found a scroll labelled TEALIN POARI.
Found a staircase leading out of the dungeon.
Lua error: attempt to yield across metamethod/C-call boundary
c - a scroll labelled TEALIN POARI
There are no items here.
A giant cockroach comes into view.
A ball python comes into view.
The ball python hisses angrily.
Aim: a ball python (80% to hit)
The blast of sand misses the ball python.
The ball python completely misses you. The ball python grabs you.
The ball python constricts you.
A rat comes into view.
Aim: a ball python (constricting you, 80% to hit)
The blast of sand hits the ball python!
You kill the ball python!
The giant cockroach bites you but does no damage.
Aim: a giant cockroach (82% to hit)
The blast of sand hits the giant cockroach!
You kill the giant cockroach!
Aim: a rat (82% to hit)
You miscast Sandblast.
You are very lightly contaminated with residual magic.
Nothing appears to happen.
Aim: a rat (82% to hit)
The blast of sand misses the rat.
The rat closely misses you. The rat misses you.
You don't have enough magic to cast this spell.
You closely miss the rat. The rat closely misses you.
You barely miss the rat. The rat closely misses you.
You barely miss the rat. The rat bites you.
You closely miss the rat. The rat bites you.
You hit the rat.
You kill the rat!
Your magical contamination has completely faded away.
A frilled lizard comes into view.
Found a faded altar of an unknown god.
The frilled lizard hisses angrily.
The frilled lizard evades a web.
Things that are here:
a +0 pair of gloves; a giant cockroach corpse
d - a +0 pair of gloves You start putting on your armour.
You continue putting on your +0 pair of gloves.
The hobgoblin is caught in a web!
Keep equipping yourself? [Y]es or [N]o only, please.
Keep equipping yourself? [Y]es or [N]o only, please.
Keep equipping yourself?
You continue putting on your +0 pair of gloves.
The hobgoblin shouts!
The hobgoblin pulls away from the web.
You continue putting on your +0 pair of gloves. x2
You finish putting on your +0 pair of gloves.
Aim: a frilled lizard (70% to hit)
The blast of sand hits the frilled lizard!
You kill the frilled lizard!
Aim: a hobgoblin (82% to hit)
The blast of sand hits the hobgoblin!
You kill the hobgoblin!
Your Earth Magic skill increases to level 4!
You have reached level 2!
Things that are here:
a hobgoblin corpse; a frilled lizard corpse
There is a faded altar of an unknown god here.
You cannot tell which god this altar belongs to.
Convert to them anyway?
Okay, then.
You pick your way through the web.
There is a web here.
There is a faded altar of an unknown god here.
Unknown command.
Press < or > to pray at altars.
You cannot tell which god this altar belongs to.
Convert to them anyway?
Elyvilon accepts your prayer! Elyvilon welcomes you!
You can now purify yourself.
There is a staircase leading out of the dungeon here.
Are you sure you want to leave the Dungeon?
This will make you lose the game!
You have escaped!

#.[## #.# * * ###.^.#
#.# ###*#., , , .##^_^#
#.####♣.♣♣.##
....^.###.#☼.♣♣.♣.♣.♣
##,
..........♣.♣.♣⌠.⌠.♣ .°
.....####..♣♣.⌠...⌠♣.♣
.†...# #♣.♣♣⌠..8..⌠.♣..
*
.########♣♣.⌠.......⌠.♣
..............8.@.8..♣
,
.........♣.♣⌠.......⌠♣,
........#♣.♣§☼..8§.⌠.♣,
........##♣♣§♣§..○§♣.♣
* ........#
♣§♣§♣⌠§☼○♣*.. ........#
#§○§♣.§♣♣§§ ..
##.###### ####.♣♣.♣#..
# #.. * * . ..,.# ##.#*
###


There were no monsters in sight!

Vanquished Creatures
  A giant cockroach (D:1)
  A hobgoblin (D:1)
  A ball python (D:1)
  A frilled lizard (D:1)
  A rat (D:1)
5 creatures vanquished.

Notes
Turn   | Place    | Note
-------+----------+-------------------------------------------
     0 | D:1      | domi the Meteoran Earth Elementalist began the quest for
                  | the Orb.
     0 | D:1      | Reached XP level 1. HP: 14/14 MP: 5/5
    27 | D:1      | Found a faded altar of an unknown god.
    38 | D:1      | Reached skill level 4 in Earth Magic
    38 | D:1      | Reached XP level 2. HP: 19/20 MP: 0/6
    46 | D:1      | Prayed at the altar of an unknown god.
    46 | D:1      | Became a worshipper of Elyvilon the Healer
    46 | D:1      | Reached * piety under Elyvilon
    61 | D:$      | Got out of the dungeon alive.

Illustrated notes

Levels and vault maps discovered:
D:1:      heliophobic_arrival_enchanted_forest, layout_basic,
          ebering_ecumenical_altar_webs

Skill      XL: |  1 |
---------------+----+-----
Earth Magic    | 4 |  4.1
Dodging        | |  2.4
Stealth        | |  1.4
Spellcasting   | |  2.6
Transmutations | |  1.2

Action                   || total
-------------------------++-------
Melee: Unarmed           ||     5
 Cast: Sandblast         ||     6
Armor: Robe              ||     1
Dodge: Dodged            ||     5

Table legend: (Time is in decaauts)
 A = Elapsed time spent in this place.
 B = Non-inter-level travel time spent in this place.
 C = Inter-level travel time spent in this place.
 D = Time resting spent in this place.
 E = Time spent auto-exploring this place.
 F = Levels seen in this place.
 G = Mean time per level.
                   A        B        C        D        E       F      G
               +--------+--------+--------+--------+--------+-----+--------+
         Total |     64 |     52 |     12 |      0 |      0 |   1 |   64.0 |
       Dungeon |     64 |     52 |     12 |      0 |      0 |   1 |   64.0 |
               +--------+--------+--------+--------+--------+-----+--------+

Top non-repeatable levels by time:
     D:1: 64 daAuts

Table legend:
 A = Kills in this place as a percentage of kills in entire the game.
 B = Kills by you in this place as a percentage of kills by you in the entire game.
 C = Kills by friends in this place as a percentage of kills by friends in the entire game.
 D = Other kills in this place as a percentage of other kills in the entire game.
 E = Experience gained in this place as a percentage of experience gained in the entire game.
 F = Experience gained in this place divided by the number of levels of this place that you have seen.
                   A       B       C       D       E      F
               +-------+-------+-------+-------+-------+----------------------
         Total | 100.0 | 100.0 |   N/A |   N/A | 100.0 |   7.0
       Dungeon | 100.0 | 100.0 |   N/A |   N/A | 100.0 |   7.0
               +-------+-------+-------+-------+-------+----------------------
